 Dungeon Crawl Stone Soup version 0.30-a0-1043-g60ff8d5f49 (webtiles) character file.

Game seed: 4471629752285176824

133818 cforsyth the Spry (level 17, -12/126 HPs)
             Began as an Octopode Summoner on Apr 11, 2023.
             Was an Initiate of Gozag.
             Mangled by a wolf spider (32 damage)
             ... on level 2 of the Spider Nest.
             The game lasted 01:56:36 (48794 turns).

cforsyth the Spry (Octopode Summoner)              Turns: 48794, Time: 01:56:37

Health: -12/126    AC:  3    Str: 13 (14) XL:     17   Next: 15%
Magic:  43/43      EV: 21    Int: 25      God:    Gozag
Gold:   2756       SH:  5    Dex: 16      Spells: 18/42 levels left

rFire   + + .      SeeInvis +    R - +10 morningstar "Eos" {elec, Halo rElec}
rCold   + . .      Faith    .    (no shield)
rNeg    . . .      Spirit   .    j - +2 hat
rPois   .          Reflect  +    x - amulet of reflection
rElec   +          Rampage  .    b - ring of flight
rCorr   +                        D - ring of resist corrosion
Will    +....                    F - ring of see invisible
Stlth   ++                       H - ring of protection from fire
HPRegen 0.41/turn                z - +6 ring of strength
MPRegen 0.28/turn                T - ring of Ugoxki {rF+ Int+2 Dex+2}
                                 V - ring of magical power
                                 S - ring of protection from cold

@: lethally poisoned (-12 -> -81), about to teleport, flying, glowing, studying
Short Blades
A: almost no armour, amphibious, 8 rings, camouflage 1, gelatinous body 1,
(nimble swimmer 1), tentacles
a: Renounce Religion, Potion Petition, Call Merchant, Bribe Branch


You were on level 2 of the Spider Nest.
You worshipped Gozag.
Gozag was most pleased with you.
You visited 5 branches of the dungeon, and saw 25 of its levels.
You also visited: Gauntlet and Ice Cave.

You collected 10809 gold pieces.
You spent 695 gold pieces at shops.
You paid 7358 gold pieces to Gozag.

Inventory:

Hand Weapons
 P - the +9 long sword "Xacip" {freeze, Int+4}
   (You found it in an ice cave)

   Int:       It affects your intelligence (+4).
 R - the +10 morningstar "Eos" (weapon) {elec, Halo rElec}
   (You found it on level 15 of the Dungeon)

   Halo:      It grants its wielder a halo, revealing invisible creatures and
   increasing accuracy against all within it other than the wielder.
   rElec:     It insulates you from electricity.
Armour
 j - a +2 hat (worn)
Jewellery
 b - a ring of flight (left tentacle)
 x - an amulet of reflection (around mantle)
 z - a +6 ring of strength (on tentacle)
 D - a ring of resist corrosion (right tentacle)
 F - a ring of see invisible (on tentacle)
 H - a ring of protection from fire (on tentacle)
 N - a +6 ring of strength
 Q - a ring of positive energy
 S - a ring of protection from cold (on tentacle)
 T - the ring of Ugoxki (on tentacle) {rF+ Int+2 Dex+2}
   (You found it on level 15 of the Dungeon)

   [ring of protection from fire]

   Int:       It affects your intelligence (+2).
   Dex:       It affects your dexterity (+2).
   rF:        It protects you from fire.
 U - a ring of ice
 V - a ring of magical power (on tentacle)
 Y - a ring of protection from fire
Wands
 c - a wand of flame (51)
 i - a wand of light (16)
 E - a wand of paralysis (11)
 G - a wand of digging (9)
 I - a wand of iceblast (9)
 W - a wand of polymorph (8)
Scrolls
 k - 6 scrolls of immolation
 l - 5 scrolls of vulnerability {unknown}
 m - 7 scrolls of poison {unknown}
 n - 7 scrolls of teleportation
 p - a scroll of summoning
 q - 4 scrolls of enchant armour {unknown}
 s - 3 scrolls of magic mapping
 u - 7 scrolls of fog {unknown}
 w - 2 scrolls of silence
 y - 3 scrolls of identify
 A - 5 scrolls of blinking {unknown}
 B - 2 scrolls of noise {unknown}
 J - 6 scrolls of amnesia
 L - 4 scrolls of fear
 M - 3 scrolls of torment
Potions
 a - 2 potions of magic
 d - a potion of heal wounds
 e - 3 potions of flight
 f - 16 potions of curing
 h - 8 potions of lignification
 o - 5 potions of brilliance
 r - 3 potions of invisibility
 t - 9 potions of might
 v - 5 potions of attraction
 C - 2 potions of cancellation
 K - a potion of berserk rage
 O - 2 potions of ambrosia
 X - 5 potions of mutation {unknown}
 Z - 2 potions of haste


   Skills:
 - Level 14.8 Fighting
 - Level 15.0 Dodging
 - Level 2.6 Stealth
 + Level 13.2 Spellcasting
 - Level 3.0 Hexes
 + Level 14.7 Summonings
 - Level 9.5 Transmutations
 - Level 4.4 Air Magic


You had 18 spell levels left.
You knew the following spells:

 Your Spells              Type           Power      Damage    Failure   Level
a - Summon Small Mammal   Summ           100%       N/A       0%          1
b - Call Imp              Summ           100%       N/A       0%          2
c - Call Canine Familiar  Summ           74%        N/A       1%          3
d - Summon Guardian Gole  Hex/Summ       57%        N/A       1%          3
e - Summon Lightning Spi  Summ/Air       59%        N/A       1%          4
g - Summon Cactus Giant   Summ           37%        N/A       1%          6
h - Summon Mana Viper     Hex/Summ       57%        N/A       2%          5

Your spell library contained the following spells:

 Spells                   Type           Power      Damage    Failure   Level
 Passwall                 Tmut/Erth      33%        N/A       1%          2
 Spider Form              Tmut/Pois      40%        N/A       1%          3
 Summon Ice Beast         Ice/Summ       52%        N/A       1%          4
 Ignite Poison            Fire/Tmut/Pois 32%        N/A       2%          3
 Kiss of Death            Conj/Necr      64%        2d10      3%          1
 Sandblast                Erth           32%        2d9       3%          1
 Ensorcelled Hibernation  Hex/Ice        48%        N/A       3%          2
 Confusing Touch          Hex            31%        N/A       3%          3
 Ice Form                 Ice/Tmut       40%        N/A       4%          4
 Dazzling Flash           Conj/Hex       48%        N/A       6%          3
 Portal Projectile        Hex/Tloc       48%        N/A       6%          3
 Monstrous Menagerie      Summ           37%        N/A       7%          7
 Gell's Gravitas          Tloc           16%        N/A       11%         3
 Hailstorm                Conj/Ice       16%        3d6       11%         3
 Stone Arrow              Conj/Erth      32%        3d9       11%         3
 Teleport Other           Tloc           16%        N/A       11%         3
 Anguish                  Hex/Necr       12%        N/A       19%         4
 Dispel Undead            Necr           16%        3d10      34%         4
 Sticky Flame             Conj/Fire      16%        2d4       34%         4
 Metabolic Englaciation   Hex/Ice        12%        N/A       47%         5
 Dispersal                Tloc           8%         N/A       99%         6
 Enfeeble                 Hex            15%        N/A       100%        7
 Ignition                 Fire           8%         3d5       100%        8
 Dragon's Call            Summ           37%        N/A       100%        9
 Simulacrum               Ice/Necr       Unusable   N/A       N/A         6

Dungeon Overview and Level Annotations

Branches:
Dungeon (15/15)            Temple (1/1) D:5            Lair (5/5) D:10
  Swamp (0/4) Lair:2       Spider (2/4) Lair:2        Slime (0/5) Lair:4
    Orc (2/2) D:11            Elf (0/3) Orc:2        Vaults (0/5) D:13
 Depths (0/4) D:15          IceCv (visited)         Gauntlet (visited)

Altars:
Ashenzari
Cheibriados
Dithmenos
Elyvilon
Fedhas
Gozag
Hepliaklqana
Kikubaaqudgha
Nemelex Xobeh
Okawaru
Qazlal
Ru
Sif Muna
Trog
Uskayaw
Vehumet
Wu Jian
Xom
Zin
The Shining One

Shops:
D:1 :?   D:2 *   D:3 [   Orc:2 [*([(   Lair:1 :****:!


Innate Abilities, Weirdness & Mutations

You cannot wear most types of armour.
You are amphibious.
You can wear up to eight rings at the same time.
Your skin changes colour to match your surroundings (Stealth+).
Your rubbery body absorbs attacks. (AC +1, EV +1)
((You are camouflaged when in or above water. (Stealth+)))
You have tentacles for arms and can constrict up to eight enemies at once.


Message History

Done exploring.
Done exploring.
Done exploring.
Done exploring.
There is a stone staircase leading up here.
There is an escape hatch in the ceiling here.
There is a stone staircase leading down here.
There is a stone staircase leading down here.
There is a stone staircase leading up, spattered with blood here.
You fly upwards.
The redback barely misses you. The redback closely misses you.
The pharaoh ant closely misses you.
The moth of wrath goads the wolf spider on!
The wolf spider goes berserk!
The redback misses you. The wolf spider misses you. The wolf spider bites you!
The redback closely misses you. The pharaoh ant barely misses you.
You block the redback's attack.
There is a stone staircase leading down, spattered with blood here.
The wolf spider closely misses you. The wolf spider completely misses you.
The redback completely misses you. The pharaoh ant bites you!
The wolf spider completely misses you. The wolf spider bites you!
You are poisoned.
The wolf spider poisons you! The redback misses you.
You block the redback's attack. The wolf spider barely misses you.
The wolf spider closely misses you. The pharaoh ant misses you.
You fly downwards.
You feel extremely sick.
There is a stone staircase leading up, spattered with blood here.
As you read the scroll of teleportation, it crumbles to dust.
You feel strangely unstable.
You feel very sick. The wolf spider hits you!! The wolf spider bites you!!
* * * LOW HITPOINT WARNING * * *
The redback closely misses you. The redback bites you!
* * * LOW HITPOINT WARNING * * *
You are lethally poisoned!
The redback poisons you!
The pharaoh ant bites you but does no damage.
The wolf spider hits you!!
You die...
Your body crumbles into a pile of gold.

# #...### ### # ##....# #### ##.#
# ##...## #..### #..### #
##^....######....## ###....# #
#.....##..##......####.......
#####......#..........^.#........
.##......#.##.).........#........
.#..)..^####...ss.#.....####.....
....#^...##^...s@.#...........#..
#..###...##.....B.##..........#.#
#### ##^...^.......#^.........###
##...........##......^...#
#########################


You could see a wolf spider (berserk), a pharaoh ant and 2 redbacks.

Vanquished Creatures
  An orc high priest (Orc:2)
  2 orc sorcerers
  A cyclops (D:11)
  A black mamba (Lair:5)
  A cane toad (Lair:5)
  A jumping spider (Spider:2)
  A blink frog (Lair:5)
  A tarantella zombie (Spider:1)
  2 culicivoras (Spider:2)
  2 slime creatures (D:14)
  3 spriggans (Lair:5)
  2 yaks
  A wraith (D:13)
  A redback (Spider:2)
  A hell hound (Gauntlet)
  3 orc warriors
  6 wolves
  A boggart (Lair:5)
  A centaur (D:11)
  A killer bee (Lair:2)
  4 orc priests
  2 hounds (D:5)
  3 orc wizards (Orc:2)
  2 gnolls
  3 adders
  An ufetubus (Gauntlet)
  A worm (D:3)
  2 dart slugs
  5 orcs
  2 ball pythons
  7 endoplasms
  2 giant cockroaches
  2 goblins
  4 hobgoblins
  5 kobolds
  2 quokkas
  2 bats
  3 rats
85 creatures vanquished.

Vanquished Creatures (collateral kills)
  A storm dragon (D:15)
  A ghost moth (Spider:2)
  2 broodmothers (Spider:2)
  2 ettins
  The ghost of Triskal the Fighter, a journeyman DjCA of Ignis (D:10)
  An entropy weaver (Spider:2)
  The ghost of Cattocvo the Carver, a journeyman VSWr of Wu Jian (Lair:2)
  A vault guard (D:13)
  The ghost of Scrimshaw the Thaumaturge, a journeyman GnHW of Ashenzari (Lair:1)
  2 catoblepae
  An ironbound frostheart (IceCv)
  4 hydras
  A death knight (D:14)
  3 centaur warriors
  A two-headed ogre (D:13)
  6 death yaks
  A deep troll earth mage (D:15)
  4 orc high priests
  A shadow wraith (D:13)
  7 skeletal warriors
  2 iron trolls (D:12)
  2 pharaoh ants (Spider:2)
  2 deep trolls (D:12)
  An orb spider (Spider:2)
  A phantasmal warrior (D:15)
  A steelbarb worm (Spider:2)
  2 wolf spiders (Spider:2)
  A lindwurm (Lair:4)
  2 deep elf pyromancers
  A necromancer (Spider:1)
  A wizard (D:14)
  7 wolf spider zombies (Spider:1)
  A deep elf zephyrmancer (D:15)
  An oklob plant (Lair:2)
  An orc knight (Orc:1)
  5 ugly things
  2 moths of wrath (Spider:2)
  9 elephants
  3 cyclopes
  3 manticores
  An ice statue (IceCv)
  3 slime creatures
  A smoke demon (Gauntlet)
  6 centaur zombies (D:11)
  5 black mambas
  3 demonic crawlers (Spider:2)
  A torpor snail (Lair:3)
  14 cane toads
  A kobold demonologist (D:11)
  6 rime drakes
  A tengu conjurer (D:15)
  9 komodo dragons
  6 redback zombies (Spider:1)
  A red devil (Gauntlet)
  10 polar bears
  A wolf spider simulacrum (D:14)
  2 hornets (Lair:5)
  5 tarantella zombies (Spider:1)
  6 trolls
  A tarantella (Spider:2)
  9 culicivora zombies (Spider:1)
  4 blink frogs (Lair:5)
  A dream sheep (Lair:5)
  3 jumping spiders (Spider:2)
  A meliai zombie (D:11)
  7 spriggans
  4 culicivoras (Spider:2)
  58 yaks
  2 vampires (D:11)
  8 wraiths
  2 hogs (D:14)
  4 wyverns
  5 shadows
  4 water elementals (D:14)
  2 nameless horrors
  A redback (shapeshifter) (D:13)
  A basilisk (Lair:3)
  A redback (Spider:2)
  A steam dragon (D:8)
  A catoblepas simulacrum (Lair:2)
  A death yak simulacrum (Lair:2)
  3 wargs (Orc:2)
  6 vampire mosquitoes
  Edmund (D:4)
  A hydra simulacrum (Lair:2)
  6 water moccasins
  14 orc warriors
  2 ice beasts
  5 centaurs
  2 black bears
  3 ogres
  34 wolves
  4 boggarts (Lair:5)
  A phantom (D:6)
  14 bullfrogs
  5 kobold brigands
  2 two-headed ogre simulacra (Orc:1)
  2 gnoll sergeants
  2 scorpions (D:4)
  5 wights (D:9)
  3 killer bees
  12 electric eels
  9 howler monkeys
  3 crimson imps (Gauntlet)
  A komodo dragon simulacrum (Lair:2)
  9 hounds
  7 jellies
  23 orc priests
  2 water moccasin simulacra (Lair:2)
  A gnoll bouda (D:7)
  3 sleepcaps
  2 iguanas (D:6)
  31 orc wizards
  A yak simulacrum (Lair:2)
  A spriggan simulacrum (Orc:1)
  A wolf simulacrum (Orc:1)
  A naga simulacrum (Orc:1)
  3 adders
  21 gnolls
  4 ufetubi
  A worm (D:2)
  51 orcs
  2 ball pythons
  A bat (D:2)
  15 endoplasms
  A giant cockroach (D:3)
  4 goblins
  3 hobgoblins
  2 frilled lizards
  20 kobolds
  3 rats
646 creatures vanquished.

Vanquished Creatures (others)
  Kirke (D:14)
  A stone giant (D:15)
  A minotaur (Gauntlet)
  Snorg (Orc:2)
  An ettin (D:13)
  Josephine (D:11)
  3 hydras
  Harold (D:9)
  An ogre mage (Orc:2)
  A centaur warrior (D:14)
  An ironbound frostheart (IceCv)
  3 two-headed ogres (D:11)
  2 boulder beetles
  A tengu warrior (D:15)
  2 death yaks (D:12)
  A sixfirhy (Gauntlet)
  3 skeletal warriors (D:14)
  2 deep trolls (D:12)
  A lindwurm (Lair:5)
  An orc sorcerer (Orc:2)
  4 ugly things
  4 cyclopes
  A torpor snail (Lair:3)
  An elephant (Lair:4)
  2 cane toads
  2 gargoyles
  A black mamba (Lair:3)
  Maggie (Lair:1)
  A freezing wraith (D:14)
  3 rime drakes
  A tengu conjurer (D:15)
  A polar bear (Lair:5)
  A meliai (Lair:2)
  A meliai (shapeshifter) (D:14)
  3 trolls
  A hornet (Lair:5)
  A dream sheep (Lair:5)
  A slime creature (D:14)
  A spriggan (Lair:5)
  A wraith (D:11)
  22 yaks
  A vampire mosquito (D:12)
  A warg (Orc:2)
  6 orc warriors
  8 wolves
  4 centaurs
  An ogre (D:5)
  A gnoll sergeant (D:5)
  A two-headed ogre simulacrum (Orc:1)
  A wight (D:9)
  3 killer bees
  An elephant simulacrum (Orc:1)
  2 jellies
  An iguana (D:5)
  An orc wizard (Orc:2)
  A spriggan simulacrum (Orc:1)
  2 gnolls (D:5)
  An orc (D:9)
  An endoplasm (Lair:2)
  14 demonic plants (Gauntlet)
  41 fungi
  151 plants
  5 withered plants
331 creatures vanquished.

Grand Total: 1062 creatures vanquished

Notes
Turn   | Place    | Note
-------+----------+-------------------------------------------
     0 | D:1      | cforsyth the Octopode Summoner began the quest for the Orb.
     0 | D:1      | Reached XP level 1. HP: 11/11 MP: 3/3
   151 | D:1      | Found Coim's Magic Scroll Emporium.
   233 | D:1      | Reached XP level 2. HP: 9/17 MP: 3/5
   434 | D:1      | Found Anis's Book Shoppe.
   596 | D:1      | Learned a level 2 spell: Call Imp
  1243 | D:2      | Reached XP level 3. HP: 21/21 MP: 4/7
  1354 | D:2      | Found Setanosm's General Store.
  1604 | D:2      | Learned a level 3 spell: Call Canine Familiar
  1764 | D:2      | Found a faded altar of an unknown god.
  1987 | D:2      | Reached XP level 4. HP: 27/27 MP: 5/8
  2252 | D:3      | You fall into a shaft and drop 1 floor!
  2261 | D:3      | Found Hiuff's Antique Armour Shop.
  3226 | D:4      | Learned a level 3 spell: Summon Guardian Golem
  3227 | D:4      | Noticed Edmund
  3245 | D:4      | Reached skill level 5 in Summonings
  3246 | D:4      | Killed Edmund
  3247 | D:4      | Reached skill level 1 in Hexes
  3247 | D:4      | Reached XP level 5. HP: 29/31 MP: 1/10
  3247 | D:4      | Reached XP level 6. HP: 34/36 MP: 1/11
  3981 | D:4      | Learned a level 4 spell: Summon Lightning Spire
  4207 | D:4      | Found a shimmering altar of Xom.
  4632 | D:5      | Entered Level 5 of the Dungeon
  4644 | D:5      | Reached skill level 1 in Air Magic
  4680 | D:5      | Noticed an orc warrior
  4701 | D:5      | Killed an orc warrior
  4702 | D:5      | Reached XP level 7. HP: 41/41 MP: 2/13
  5252 | D:5      | Found a staircase to the Ecumenical Temple.
  5263 | Temple   | Entered the Ecumenical Temple
  5365 | Temple   | Became a worshipper of Gozag Ym Sagoz the Greedy
  5667 | D:5      | Reached skill level 5 in Spellcasting
  5676 | D:5      | Reached XP level 8. HP: 46/46 MP: 4/15
  6714 | D:6      | Found a blossoming altar of Fedhas.
  6961 | D:6      | Found a radiant altar of Vehumet.
  7926 | D:7      | Reached XP level 9. HP: 48/51 MP: 8/18
  8375 | D:7      | Found a stormy altar of Qazlal.
  8744 | D:7      | Found a shimmering blue altar of Sif Muna.
  8746 | D:7      | Found a glowing golden altar of the Shining One.
  9044 | D:8      | Found a bloodstained altar of Trog.
  9547 | D:8      | Identified the +2 leather armour of the Wasteland {rC+ rN+
                  | Str-3}
  9751 | D:9      | Noticed Harold
  9773 | D:9      | Killed Harold
  9774 | D:9      | Reached skill level 10 in Summonings
  9774 | D:9      | Reached XP level 10. HP: 56/56 MP: 8/22
 12185 | D:10     | Entered Level 10 of the Dungeon
 12233 | D:10     | Found a staircase to the Lair.
 12883 | D:9      | Reached skill level 10 in Spellcasting
 13548 | D:10     | Reached XP level 11. HP: 55/61 MP: 19/25
 13781 | D:10     | Found a runed translucent gate.
 13781 | D:10     | Found a runed translucent gate.
 13781 | D:10     | Found a runed translucent gate.
 13793 | D:10     | Noticed Triskal's ghost (journeyman DjCA)
 14419 | D:11     | Noticed Josephine
 14696 | D:11     | Found a staircase to the Orcish Mines.
 15033 | D:11     | Noticed a cyclops
 15050 | D:11     | Noticed a two-headed ogre
 15070 | D:11     | Killed a two-headed ogre
 15087 | D:11     | Killed Josephine
 15303 | D:11     | Noticed a cyclops
 15312 | D:11     | Killed a cyclops
 15366 | D:11     | Noticed a boulder beetle
 15375 | D:11     | Noticed a two-headed ogre
 15387 | D:11     | Killed a boulder beetle
 15389 | D:11     | Killed a two-headed ogre
 15463 | D:11     | Reached skill level 1 in Fighting
 15502 | D:11     | Noticed a cyclops
 15514 | D:11     | Killed a cyclops
 15515 | D:11     | Reached skill level 3 in Dodging
 15515 | D:11     | Reached XP level 12. HP: 70/70 MP: 16/27
 16010 | D:11     | Identified the +9 quarterstaff "Caufu" {venom, *Rage Dex+3
                  | SInv Stlth+}
 16260 | D:11     | Reached skill level 4 in Dodging
 16384 | D:11     | Noticed a two-headed ogre
 16395 | D:11     | Killed a two-headed ogre
 16415 | D:11     | Reached skill level 5 in Dodging
 16634 | D:11     | Found a hide-covered altar of Uskayaw.
 16805 | D:11     | Reached skill level 5 in Fighting
 17429 | D:12     | Noticed a death yak
 17429 | D:12     | Noticed a death yak
 17441 | D:12     | Killed a death yak
 17442 | D:12     | Reached skill level 6 in Dodging
 17449 | D:12     | Killed a death yak
 17538 | D:12     | Noticed an iron troll
 17554 | D:12     | Killed an iron troll
 17812 | D:12     | Noticed an iron troll
 17823 | D:12     | Killed an iron troll
 17828 | D:12     | Reached skill level 7 in Dodging
 18477 | D:12     | Noticed a death yak
 18505 | D:12     | Killed a death yak
 18506 | D:12     | Reached skill level 8 in Dodging
 18506 | D:12     | Reached XP level 13. HP: 88/88 MP: 21/28
 19646 | D:12     | Learned a level 5 spell: Summon Mana Viper
 19740 | Lair:1   | Entered Level 1 of the Lair of Beasts
 19747 | Lair:1   | Bought a scroll of teleportation for 51 gold pieces
 19778 | Lair:1   | Reached skill level 9 in Dodging
 20351 | Lair:1   | Noticed Maggie
 20368 | Lair:1   | Killed Maggie
 21239 | Lair:1   | Found a large runed translucent door.
 21239 | Lair:1   | Found a large runed translucent door.
 21244 | Lair:1   | Noticed Scrimshaw's ghost (journeyman GnHW)
 21487 | Lair:2   | Reached skill level 10 in Dodging
 21638 | Lair:2   | Reached skill level 10 in Fighting
 21676 | Lair:2   | Found a hole to the Spider Nest.
 22277 | Lair:2   | Found a staircase to the Swamp.
 22375 | Lair:2   | Found a runed translucent gate.
 22375 | Lair:2   | Found a runed translucent gate.
 22375 | Lair:2   | Found a runed translucent gate.
 22805 | Lair:2   | Noticed Cattocvo's ghost (journeyman VSWr)
 23030 | Lair:3   | Reached skill level 11 in Dodging
 23032 | Lair:3   | Reached XP level 14. HP: 87/99 MP: 8/29
 24336 | Lair:3   | Identified a scroll of acquirement
 24724 | Lair:4   | Found a gate leading to a gauntlet.
 24733 | Gauntlet | Entered a Gauntlet
 24733 | Gauntlet | Found a transporter.
 24733 | Gauntlet | Found a transporter.
 24797 | Gauntlet | Found a transporter.
 24812 | Gauntlet | Found a transporter.
 24814 | Gauntlet | Found a large runed translucent door.
 24814 | Gauntlet | Found a large runed translucent door.
 24815 | Gauntlet | Found a large runed translucent door.
 24815 | Gauntlet | Found a large runed translucent door.
 24816 | Gauntlet | Found a large runed translucent door.
 24816 | Gauntlet | Found a runed translucent door.
 24816 | Gauntlet | Found a large runed translucent door.
 24816 | Gauntlet | Found a runed translucent door.
 24816 | Gauntlet | Found a large runed translucent door.
 24816 | Gauntlet | Found a large runed translucent door.
 24819 | Gauntlet | Found a large runed translucent door.
 24819 | Gauntlet | Found a large runed translucent door.
 24820 | Gauntlet | Found a large runed translucent door.
 24820 | Gauntlet | Found a large runed translucent door.
 24821 | Gauntlet | Found a large runed translucent door.
 24821 | Gauntlet | Found a large runed translucent door.
 24821 | Gauntlet | Found a large runed translucent door.
 24821 | Gauntlet | Found a large runed translucent door.
 24824 | Gauntlet | Found a runed translucent gate.
 24824 | Gauntlet | Found a runed translucent gate.
 24824 | Gauntlet | Found a runed translucent gate.
 24826 | Gauntlet | Found a transporter.
 24840 | Gauntlet | Found a transporter.
 24858 | Gauntlet | Found a transporter.
 24941 | Gauntlet | Found a transporter.
 24950 | Gauntlet | Found a transporter.
 24951 | Gauntlet | Found a transporter.
 24961 | Gauntlet | Found a transporter.
 24967 | Gauntlet | Found a transporter.
 24968 | Gauntlet | Noticed a balrug
 24975 | Gauntlet | Found a transporter.
 25069 | Gauntlet | Found a transporter.
 25087 | Gauntlet | Found a transporter.
 25099 | Gauntlet | Found a transporter.
 25489 | Gauntlet | Identified the +6 rapier of the Soothsayer {flame, Str+2
                  | Int+2}
 25489 | Gauntlet | Identified the +2 acid dragon scales "Hubu" {Contam rPois
                  | rCorr Int+2 SInv}
 25599 | Gauntlet | Identified the +1 war axe of Wealth {pain, rN+}
 25600 | Gauntlet | Got the Notes on Ensorcelling
 25645 | Lair:4   | Reached skill level 12 in Dodging
 26032 | Lair:4   | Found a staircase to the Slime Pits.
 27126 | Lair:4   | Found the +4 skin of Zhor {*Englaciate rC+++ SInv}
 28082 | Lair:5   | Entered Level 5 of the Lair of Beasts
 28285 | Lair:5   | Reached skill level 13 in Dodging
 29036 | Lair:5   | Reached XP level 15. HP: 111/111 MP: 25/30
 30968 | Orc:1    | Entered Level 1 of the Orcish Mines
 30999 | Orc:1    | Reached skill level 14 in Dodging
 31026 | Orc:1    | Found a frozen archway.
 31105 | IceCv    | Entered an ice cave
 33358 | IceCv    | Identified the amulet "Esoytul" {Spirit Rampage}
 33366 | IceCv    | Identified the +9 long sword "Xacip" {freeze, Int+4}
 33872 | Orc:2    | Entered Level 2 of the Orcish Mines
 33872 | Orc:2    | Found a staircase to the Elven Halls.
 36070 | Orc:2    | Found Tucufiod's Weapon Shop.
 36070 | Orc:2    | Found Yhaoda's Weapon Boutique.
 36071 | Orc:2    | Found Bejut's General Store.
 36159 | Orc:2    | Found Emiuxoos's Armour Shop.
 36215 | Orc:2    | Reached skill level 15 in Dodging
 36298 | Orc:2    | Noticed Snorg
 36310 | Orc:2    | Killed Snorg
 36311 | Orc:2    | Reached skill level 1 in Transmutations
 37428 | Orc:2    | Found Hipapn's Armour Boutique.
 38109 | Lair:1   | Bought the Tome of Convocation for 644 gold pieces
 38164 | Lair:1   | Learned a level 6 spell: Summon Cactus Giant
 38186 | Lair:1   | Killed Scrimshaw's ghost
 38351 | Lair:2   | Killed Cattocvo's ghost
 38356 | Lair:2   | Reached skill level 5 in Transmutations
 38356 | Lair:2   | Reached XP level 16. HP: 120/120 MP: 9/31
 38665 | D:10     | Killed Triskal's ghost
 40022 | D:13     | Found a gate to the Vaults.
 41162 | D:14     | Noticed Kirke
 41187 | D:14     | Killed Kirke
 42153 | D:15     | Entered Level 15 of the Dungeon
 42586 | D:15     | Found a staircase to the Depths.
 43517 | D:15     | Noticed a storm dragon
 43518 | D:15     | Found a runed translucent door.
 44001 | D:15     | Found the +10 morningstar "Eos" {elec, Halo rElec}
 44476 | D:15     | Found a hazy altar of Hepliaklqana.
 44759 | D:15     | Killed a storm dragon
 45187 | D:15     | Identified the ring of Ugoxki {rF+ Int+2 Dex+2}
 45420 | Spider:1 | Entered Level 1 of the Spider Nest
 46441 | Spider:2 | Reached XP level 17. HP: 126/126 MP: 30/33
 48160 | Spider:2 | Acquired 1028 gold pieces
 48794 | Spider:2 | Mangled by a wolf spider

Illustrated notes

Levels and vault maps discovered:
D:1:      dpeg_arrival_simpleton_a, layout_basic, serial_shops, shop,
          nicolae_shop_temple_entry_statues_fountains
D:2:      cheibrodos_old_hovel, layout_basic, serial_shops,
          nicolae_shop_behind_doors, hellmonk_ecumenical_altar_slurped_away
D:3:      layout_basic, serial_shops, nicolae_shop_stone
D:4:      layout_layer_cave, amcnicky_altar_gilded, uniq_edmund
D:5:      layout_cave_pools, minmay_temple_entry_statues_pillars
D:6:      layout_layer_cave, vehumet_altar_wand_db,
          mainiacjoe_overflow_small_starburst
D:7:      layout_loops_ring, nicolae_overflow_crystal_walls,
          nicolae_overflow_hidden_temple
D:8:      layout_cave_pools, lemuel_round_altar
D:9:      layout_cave_pods, serial_bayou_lake_a, uniq_harold
D:10:     layout_rooms, erik_lair_island, ebering_ghost_rock_garden
D:11:     layout_loops_corners, orc_0_dummy, serial_undead, serial_undead_c,
          serial_undead_a, serial_undead_e, serial_undead_f, serial_undead_e,
          serial_undead_d, corexii_leaking_fountain,
          nicolae_uskayaw_dance_studio, uniq_josephine
D:12:     lemuel_troll_bridge, layout_loops_corners
D:13:     layout_long_grid, david_vaults_4, the_hattery
D:14:     layout_rooms, serial_bayou, serial_bayou_pond_b,
          serial_bayou_lagoon_a, serial_bayou_lagoon_b, serial_bayou_pond_c,
          minmay_misc_feat_enclosed, uniq_kirke
D:15:     grunt_enter_depths_giant_problem, layout_loops_ring,
          nicolae_hepliaklqana_hippocampus, minmay_misc_feat_four_crosses,
          kennysheep_treasure_room
Temple:   nicolae_temple_bog_church
Lair:1:   layout_hall_layers, ebering_ghost_disaster_area, uniq_maggie
Lair:2:   lemuel_slime, layout_gridlike, swamp_mist,
          hellmonk_spider_entry_not_the_bees, gammafunk_ghost_icy,
          chequers_serial_rivers_micro_d
Lair:3:   layout_cave_pods, serial_bayou_shore_a, grunt_megastairs_1
Lair:4:   cheibrodos_lair_river_kwai, layout_small_grid,
          minmay_slime_entry_pillars, gauntlet_entry_generic, grunt_megastairs_4
Lair:5:   minmay_lair_end_enchanted_forest, layout_cave_pods
Spider:1: lemuel_spider_zombies
Spider:2: layout_spider_delve, nicolae_spider_eight_legs
Orc:1:    layout_caves, portal_ice_cave_entry_ice_simulacra
Orc:2:    st_orc_mages, layout_caves, guppyfry_orc_lava_fort, uniq_snorg

Skill      XL: |  1  2  3  4  5  6  7  8  9 10 11 12 13 14 15 16 17 |
---------------+----------------------------------------------------+-----
Spellcasting   | 3 4 5 6 8 10 11 12 13 | 13.2
Summonings     | 5 6 7 10 11 13 14 | 14.7
Hexes          | 1 2 3 |  3.0
Air Magic      | 1 3 4 |  4.4
Fighting       | 2 7 10 13 14 | 14.8
Dodging        | 3 8 11 13 15 | 15.0
Transmutations | 5 9 |  9.5
Stealth        | |  2.6

Action                     |  1- 3 |  4- 6 |  7- 9 | 10-12 | 13-15 | 16-18 || total
---------------------------+-------+-------+-------+-------+-------+-------++-------
  Melee: Unarmed           |    64 |    46 |    34 |    27 |    34 |       ||   205
         Constrict         |    16 |     9 |    10 |     5 |    33 |    12 ||    85
         Tentacles         |    16 |    14 |     9 |     8 |    50 |    15 ||   112
         Punch             |       |     1 |       |       |       |     1 ||     2
         Rapier            |       |       |       |       |   108 |    23 ||   131
         Morningstar       |       |       |       |       |       |    19 ||    19
   Fire: Hand crossbow     |       |       |       |       |     2 |       ||     2
   Cast: Summon Small Mamm |    28 |     5 |    18 |    25 |    77 |    12 ||   165
         Call Imp          |     5 |     9 |    25 |    31 |    61 |     9 ||   140
         Call Canine Famil |     3 |    12 |    35 |    66 |   125 |    35 ||   276
         Summon Guardian G |       |     3 |    12 |    51 |   120 |    37 ||   223
         Summon Lightning  |       |       |    17 |    59 |   124 |    32 ||   232
         Summon Mana Viper |       |       |       |       |    96 |    73 ||   169
         Summon Cactus Gia |       |       |       |       |     2 |    38 ||    40
 Invoke: Call Merchant     |       |       |       |       |     6 |     1 ||     7
  Evoke: Wand              |       |       |       |       |    13 |       ||    13
    Use: Scroll            |       |     3 |    12 |     1 |    12 |     4 ||    32
         Potion            |       |       |     1 |       |     1 |     5 ||     7
   Stab: Sleeping          |     4 |     2 |       |       |       |       ||     6
         Distracted        |       |       |     2 |     1 |     1 |     3 ||     7
 Armour: Skin              |    11 |     7 |     8 |     8 |    12 |     9 ||    55
  Dodge: Dodged            |    46 |    32 |    42 |    56 |   232 |   157 ||   565
  Block: Other             |       |       |       |    18 |    53 |    32 ||   103
         Reflection        |       |       |       |     2 |     6 |     3 ||    11

Table legend: (Time is in decaauts)
 A = Elapsed time spent in this place.
 B = Non-inter-level travel time spent in this place.
 C = Inter-level travel time spent in this place.
 D = Time resting spent in this place.
 E = Time spent auto-exploring this place.
 F = Levels seen in this place.
 G = Mean time per level.
                   A        B        C        D        E       F      G
               +--------+--------+--------+--------+--------+-----+--------+
         Total |  48878 |  47289 |   1589 |  10061 |  28395 |  27 | 1810.3 |
       Dungeon |  26473 |  25575 |    898 |   5591 |  15839 |  15 | 1764.9 |
        Temple |    121 |    102 |     19 |      0 |     85 |   1 |  121.0 |
          Lair |  10885 |  10463 |    422 |    638 |   7798 |   5 | 2177.0 |
   Spider Nest |   3384 |   3194 |    190 |    756 |   1780 |   2 | 1692.0 |
  Orcish Mines |   4513 |   4454 |     59 |   1827 |   1885 |   2 | 2256.5 |
      Ice Cave |   2619 |   2619 |      0 |   1043 |    945 |   1 | 2619.0 |
      Gauntlet |    880 |    880 |      0 |    206 |     63 |   1 |  880.0 |
               +--------+--------+--------+--------+--------+-----+--------+

Top non-repeatable levels by time:
     D:9: 3250 daAuts
    D:11: 2918 daAuts
    D:15: 2801 daAuts
  Lair:5: 2787 daAuts
Spider:2: 2761 daAuts
   Orc:2: 2634 daAuts
   IceCv: 2619 daAuts
  Lair:4: 2566 daAuts
    D:12: 2394 daAuts
     D:4: 2174 daAuts
    D:14: 2096 daAuts
  Lair:1: 2003 daAuts
   Orc:1: 1879 daAuts
  Lair:3: 1769 daAuts
  Lair:2: 1758 daAuts
